 Dungeon Crawl Stone Soup version 0.21.1-1-g345015fe64 (webtiles) character file.

415 LevaFresel the Chopper (level 7, -8/54 HPs)
             Began as a Human Fighter on June 26, 2018.
             Mangled by a gnoll
             ... wielding a +0 halberd
              (10 damage)
             ... on level 5 of the Dungeon.
             The game lasted 00:12:08 (3386 turns).

LevaFresel the Chopper (Human Fighter)              Turns: 3386, Time: 00:12:09

Health: -8/54      AC:  7    Str: 18    XL:     7   Next: 15%
Magic:  7/7        EV:  7    Int:  8    God:
Gold:   213        SH:  9    Dex: 13    Spells: 6/6 levels left

rFire    . . .     SeeInvis .   a - +0 war axe
rCold    . . .     Gourm    .   c - +0 shield
rNeg     . . .     Faith    .   b - +0 scale mail
rPois    .         Spirit   .   (no helmet)
rElec    .         Reflect  .   (no cloak)
rCorr    .         Harm     .   (no gloves)
MR       .....                  (no boots)
Stlth    ..........             (no amulet)
HPRegen  0.18/turn              (no ring)
MPRegen  0.10/turn              (no ring)

@: glowing
A: no striking features
a: no special abilities


You were on level 5 of the Dungeon.
You were not hungry.

You visited 1 branch of the dungeon, and saw 5 of its levels.

You collected 213 gold pieces.

Inventory:

Hand Weapons
 a - a +0 war axe (weapon)
Armour
 b - a +0 scale mail (worn)
 c - a +0 shield (worn)
 n - a +0 chain mail
 p - a cursed +0 helmet
Wands
 d - a wand of paralysis (9)
 q - a wand of random effects (29)
Scrolls
 e - a scroll of random uselessness {unknown}
 g - a scroll of fear {unknown}
 h - 3 scrolls of identify
 j - a scroll of noise {unknown}
 l - a scroll of remove curse {unknown}
 u - a scroll of teleportation {unknown}
 v - a scroll of enchant weapon {unknown}
Potions
 i - a potion of berserk rage {unknown}
 k - 2 potions of magic {unknown}
 m - a potion of heal wounds {unknown}
 o - a potion of agility {unknown}
 s - a potion of invisibility {unknown}
 t - a potion of haste {unknown}
Books
 r - a book of Misfortune

   Spells                             Type                      Level
   a - Confusing Touch                Hexes                        1
   b - Confuse                        Hexes                        3
   c - Gell's Gravitas                Translocation                3
   d - Petrify                        Transmutation/Earth          4
   e - Metabolic Englaciation         Hexes/Ice                    5
   f - Yara's Violent Unravelling     Hexes/Transmutation          5
Comestibles
 f - 2 rations


   Skills:
 + Level 4.2 Fighting
 * Level 4.7 Axes
 + Level 4.2 Armour
 + Level 4.2 Shields
 + Level 0.1 Evocations


You had 6 spell levels left.
You didn't know any spells.

Dungeon Overview and Level Annotations

Branches:
Dungeon (5/15)
 Temple: D:4-7

Altars:
Okawaru
Vehumet

Annotations:
D:4 Pikel


Message History

* * * LOW HITPOINT WARNING * * *
The gnoll barely misses you.
You hit the gnoll but do no damage.
The gnoll is severely wounded.
You closely miss the gnoll shaman. You hit the frilled lizard.
You kill the frilled lizard!
The gnoll shaman mumbles some strange prayers to its god against you.
You are outlined in light.
You block the gnoll's attack. The gnoll barely misses you. x2
You slash the gnoll!
You kill the gnoll!
You hit the gnoll. You barely miss the gnoll shaman.
The gnoll shaman barely misses you. You block the gnoll's attack. x2
Your scale mail prevents you from hitting the gnoll.
The gnoll is lightly wounded.
You barely miss the gnoll shaman. You block the gnoll shaman's attack.
The gnoll hits you with a club.
* * * LOW HITPOINT WARNING * * *
The gnoll hits you from afar with a halberd!
You die...

......... .... ......>
........# #..# #...#.
......%.#####..# #.[.#.
...............# #..<..
gg.............#####.)÷..
#..................
##g................
#gg........†......
#@)...............
#............####.
#............####.
#.###...........#. #..
#...........#
##.##...........#
.##...........#
.##...........#
..#...........#


You could see a gnoll shaman and 2 gnolls.

Vanquished Creatures
  A slave (D:5)
  A sky beast (D:5)
  An ogre (D:5)
  The ghost of gorpus the Changer, a weakling OpTm (D:3)
  3 worker ants
  A worker ant zombie (D:3)
  2 gnolls
  2 adders (D:2)
  An ooze (D:1)
  An adder zombie (D:5)
  4 dart slugs
  2 leopard geckos
  An orc (D:3)
  3 giant cockroaches
  4 goblins
  9 hobgoblins
  5 jackals (D:2)
  8 kobolds
  3 quokkas
  A ball python (D:2)
  5 bats
  8 frilled lizards
  6 rats
73 creatures vanquished.

Notes
Turn   | Place    | Note
-------+----------+-------------------------------------------
     0 | D:1      | LevaFresel the Human Fighter began the quest for the Orb.
     0 | D:1      | Reached XP level 1. HP: 18/18 MP: 1/1
    53 | D:1      | Reached XP level 2. HP: 16/24 MP: 2/2
   221 | D:1      | Reached XP level 3. HP: 29/29 MP: 3/3
   996 | D:2      | Reached XP level 4. HP: 34/35 MP: 4/4
  1058 | D:2      | Found an iron altar of Okawaru.
  1877 | D:3      | Noticed gorpus's ghost (weakling OpTm)
  1887 | D:3      | Killed gorpus's ghost
  1887 | D:3      | Reached XP level 5. HP: 40/41 MP: 5/5
  2554 | D:4      | Found a radiant altar of Vehumet.
  2879 | D:4      | Noticed an ogre
  2880 | D:4      | Noticed Pikel
  2880 | D:4      | Noticed a slave
  2880 | D:4      | Noticed a slave
  2885 | D:5      | Entered Level 5 of the Dungeon
  2890 | D:5      | Killed an ogre
  2890 | D:5      | Reached XP level 6. HP: 11/48 MP: 6/6
  3144 | D:4      | Noticed a slave
  3157 | D:5      | Killed a slave
  3340 | D:5      | Noticed a sky beast
  3345 | D:5      | Killed a sky beast
  3345 | D:5      | Reached XP level 7. HP: 43/54 MP: 7/7
  3386 | D:5      | HP: 2/54 [gnoll/club (4)]
  3386 | D:5      | Mangled by a gnoll

Skill      XL: |  1  2  3  4  5  6 |
---------------+-------------------+-----
Axes           | 3 4 |  4.7
Armour         | 4 |  4.2
Shields        | 4 |  4.2
Fighting       | 4 |  4.2
Evocations     | |  0.1

Action                   |  1- 3 |  4- 6 |  7- 9 || total
-------------------------+-------+-------+-------++-------
Melee: War axe           |    55 |   148 |    13 ||   216
Evoke: Wand              |       |     4 |     1 ||     5
  Use: Scroll            |       |     1 |       ||     1
       Potion            |       |     1 |       ||     1
  Eat: Chunk             |       |     4 |       ||     4
       Ration            |       |     2 |       ||     2
Armor: Scale mail        |    22 |    82 |     2 ||   106
Dodge: Dodged            |    23 |    54 |     7 ||    84
Block: Shield            |    34 |   108 |    12 ||   154
